 Dungeon Crawl Stone Soup version 0.31-a0-507-gbafd7f5274 (webtiles) character file.

Game seed: 7545525011207613017

32 Gelion the Changeling (level 3, -10/23 HPs)
             Began as an Octopode Shapeshifter on Aug 9, 2023.
             Mangled by Sigmund
             ... wielding a +3 scythe of distortion
              (17 damage)
             ... on level 2 of the Dungeon.
             The game lasted 00:01:29 (804 turns).

Gelion the Changeling (Octopode Shapeshifter)        Turns: 804, Time: 00:01:30

Health: -10/23     AC:  1    Str: 14    XL:     3   Next: 27%
Magic:  3/3        EV: 13    Int: 10    God:
Gold:   30         SH:  0    Dex: 14    Spells: 2/2 levels left

rFire   . .          .
                       - Unarmed
rCold   . . .        (no shield)
rNeg    . . .        (helmet currently unavailable)
rPois   .            (no amulet)
rElec   .            (no ring)
rCorr   .            (no ring)
SInv    .            (no ring)
Will    .....        (no ring)
Stlth   ++           (no ring)
HPRegen 0.23/turn    (no ring)
MPRegen 0.08/turn    (no ring)
                     (no ring)

%: no passive effects
@: beast-form
A: beast (slay +2), almost no armour, amphibious, 8 rings, camouflage 1,
gelatinous body 1, (nimble swimmer 1), tentacles
a: Begin Untransformation


You were on level 2 of the Dungeon.
You were a hulking beast.
You visited 1 branch of the dungeon, and saw 2 of its levels.

You collected 30 gold pieces.

Inventory:

Talismans
 b - a beast talisman (active)
 c - a flux talisman
Scrolls
 d - 2 scrolls of identify {unknown}
 e - 2 scrolls of teleportation {unknown}
 g - a scroll of poison {unknown}
Potions
 a - a potion of lignification
 f - a potion of magic {unknown}
 h - a potion of curing {unknown}
 i - a potion of brilliance {unknown}


   Skills:
 + Level 1.6 Fighting
 - Level 2.0 Dodging
 + Level 3.3 Unarmed Combat
 * Level 3.5 Shapeshifting


You had 2 spell levels left.
You didn't know any spells.
Your spell library contained the following spells:

 Spells                   Type           Power      Damage    Failure   Level
 Static Discharge         Conj/Air       0%         2-2/arc   50%         2
 Ozocubu's Armour         Ice            0%         N/A       75%         3
 Airstrike                Air            0%         2d(0-16)  98%         4
 Summon Lightning Spire   Summ/Air       0%         N/A       98%         4
 Ozocubu's Refrigeration  Ice            0%         4d7       100%        7


Dungeon Overview and Level Annotations

Branches:
Dungeon (2/15)

Altars:

Shops:
D:1 *

Annotations:
D:2 Sigmund


Innate Abilities, Weirdness & Mutations

You are a hulking beast.
Your limbs bulge with bestial killing power. (Slay +2)
You cannot wear most types of armour.
You are amphibious.
You can wear up to eight rings at the same time.
Your skin changes colour to match your surroundings (Stealth+).
Your rubbery body absorbs attacks. (AC +1, EV +1)
((You are camouflaged when in or above water. (Stealth+)))
You have tentacles for arms and can constrict up to eight enemies at once.


Message History

The quokka is heavily wounded.
You constrict the quokka. The quokka bites you.
You tentacle-slap the quokka.
You kill the quokka!
No target in view!
You now have 30 gold pieces (gained 8).
You see here a quokka corpse.
Found a stone staircase leading down.
There is a stone staircase leading down here.
There is a stone staircase leading down here.
You see here a quokka corpse.
Done exploring.
Done exploring.
Done exploring.
Done exploring.
You see here a +0 whip.
There is a stone staircase leading down here.
You climb downwards.
Found a leather armour and a scroll labelled ZARYWU IHIPP.
There is a stone staircase leading up here.
Found a ring mail.
You see here a +0 leather armour.
A bat comes into view.
Found 9 gold pieces.
A bat is nearby!
A bat is nearby!
A bat is nearby!
You tentacle-slap the bat.
You kill the bat!
No target in view!
No target in view!
Sigmund the Dreaded comes into view.
He is wielding a +3 scythe of distortion.
You see here a scroll labelled ZARYWU IHIPP.
Found 11 gold pieces.
Sigmund shouts!
Sigmund hits you with a +3 scythe of distortion!
Ouch! That really hurt!
Space warps horribly around you!
Ouch! That really hurt!
You die...

### .. ### .# #
##<###########.###.#
+..[...?..[$.......
##.##...........#
#.##†..........+
#.##........h..#
#.##.........@.#
#.##..........$#
.........#######
.........+ ........#
........# #######


You could see Sigmund.

Vanquished Creatures
  4 dart slugs (D:1)
  3 bats
  An endoplasm (D:1)
  2 hobgoblins (D:1)
  3 jackals (D:1)
  3 quokkas (D:1)
  2 ball pythons (D:1)
  3 frilled lizards (D:1)
  2 goblins (D:1)
  A rat (D:1)
24 creatures vanquished.

Notes
Turn   | Place    | Note
-------+----------+-------------------------------------------
     0 | D:1      | Gelion the Octopode Shapeshifter began the quest for the
                  | Orb.
     0 | D:1      | Reached XP level 1. HP: 13/13 MP: 1/1
   112 | D:1      | Reached XP level 2. HP: 17/18 MP: 2/2
   395 | D:1      | Found Toasi's General Store.
   445 | D:1      | Reached XP level 3. HP: 23/23 MP: 3/3
   798 | D:2      | Noticed Sigmund
   804 | D:2      | Mangled by Sigmund

Illustrated notes

Levels and vault maps discovered:
D:1:      minmay_arrival_widening_spiral_wide, layout_loops_ring, serial_shops,
          shop
D:2:      minmay_chambers_of_twos, layout_basic, basic_ecumenical_altar,
          minmay_split_cup_small, uniq_crazy_yiuf_cottage, uniq_sigmund

Action                     || total
---------------------------++-------
  Melee: Unarmed           ||    41
         Constrict         ||    12
         Tentacles         ||     5
         Punch             ||     2
   Stab: Sleeping          ||     6
 Armour: Skin              ||     4
  Dodge: Dodged            ||    24

Table legend: (Time is in decaauts)
 A = Elapsed time spent in this place.
 B = Non-inter-level travel time spent in this place.
 C = Inter-level travel time spent in this place.
 D = Time resting spent in this place.
 E = Time spent auto-exploring this place.
 F = Levels seen in this place.
 G = Mean time per level.
                   A        B        C        D        E       F      G
               +--------+--------+--------+--------+--------+-----+--------+
         Total |    800 |    775 |     25 |      0 |    633 |   2 |  400.0 |
       Dungeon |    800 |    775 |     25 |      0 |    633 |   2 |  400.0 |
               +--------+--------+--------+--------+--------+-----+--------+

Top non-repeatable levels by time:
     D:1: 788 daAuts
     D:2: 12 daAuts
